 Dungeon Crawl Stone Soup version 0.32-a0-995-gb4a59205af (webtiles) character file.

Game seed: 6654411993291546432

1610993 glaedl the Merry Draconian (level 25, 249/249 (257) HPs)
             Began as a Black Draconian Hunter on Apr 22, 2024.
             Was a High Priest of Okawaru.
             Escaped with the Orb
             ... and 3 runes!
             The game lasted 04:55:41 (71812 turns).

glaedl the Merry Draconian (DrHu)                  Turns: 71812, Time: 04:55:41

HP:   249/249 (257) AC: 21    Str: 23    XL:     25   Next: 54%
MP:   37/37         EV: 30    Int:  9    God:    Okawaru [*****.]
Gold: 2027          SH:  0    Dex: 33    Spells: 32/44 levels left

rFire   + + +        M - +5 longbow of Reinforcement {speed, Str+2}
rCold   + + .        (shield currently unavailable)
rNeg    + . .        (body armour unavailable)
rPois   +            Y - +2 hat {Stlth+}
rElec   +            L - scarf "Gucungab" {rC+ rF+, rN+ Str+2 Dex+3 Slay-5}
rCorr   +            Q - +3 pair of gauntlets of War {Slay+5}
SInv    +            H - +2 pair of boots {rampage}
Will    +++..        h - amulet "Fyitirgh" {Faith Will++ Dex+6 Stlth+}
Stlth   ++           f - ring of see invisible
HPRegen 0.61/turn    z - ring of protection from fire
MPRegen 0.25/turn

%: clarity, rampage, faith
@: resistant, flying, lightly drained
A: galvanic breath, AC +12, unfitting armour, big wings, electricity resistance,
cold-blooded, clarity, screaming 1, strong 1
0: Orb of Zot
}: 3/15 runes: decaying, slimy, gossamer
a: Galvanic Breath, Renounce Religion, Heroism, Finesse, Duel


You escaped.
You worshipped Okawaru.
Okawaru was extremely pleased with you.
You visited 11 branches of the dungeon, and saw 52 of its levels.
You also visited: Sewer and Gauntlet.

You collected 6326 gold pieces.
You spent 4299 gold pieces at shops.

Inventory:

Hand Weapons
 M - the +5 longbow of Reinforcement (weapon) {speed, Str+2}
   (Okawaru gifted it to you on level 3 of the Lair of Beasts)

   Str+2:     It affects your strength (+2).
Armour
 t - a +2 pair of gloves of dexterity
 H - a +2 pair of boots of rampaging (worn)
 L - the scarf "Gucungab" (worn) {rC+ rF+, rN+ Str+2 Dex+3 Slay-5}
   (Okawaru gifted it to you on level 3 of the Lair of Beasts)

   Str+2:     It affects your strength (+2).
   Dex+3:     It affects your dexterity (+3).
   Slay-5:    It affects your accuracy & damage with ranged weapons and melee
   (-5).
   rN+:       It protects you from negative energy.
 Q - the +3 pair of gauntlets of War (worn) {Slay+5}
   (You found it on level 5 of the Pits of Slime)

   Slay+5:    It affects your accuracy & damage with ranged weapons and melee
   (+5).
 Y - a +2 hat of stealth (worn)
Jewellery
 c - a ring of poison resistance
 f - a ring of see invisible (left hand)
 h - the amulet "Fyitirgh" (around neck) {Faith Will++ Dex+6 Stlth+}
   (You bought it in a shop on level 1 of the Vaults)

   [amulet of faith]

   Faith:     It allows you to gain divine favour quickly.
   Dex+6:     It affects your dexterity (+6).
   Will++:    It greatly increases your willpower.
   Stlth+:    It makes you more stealthy.
 l - a +4 ring of slaying
 z - a ring of protection from fire (right hand)
 S - an amulet of regeneration
Wands
 m - a wand of polymorph (22)
 w - a wand of roots (18)
 O - a wand of paralysis (47)
 R - a wand of flame (75)
 W - a wand of mindburst (21)
 X - a wand of digging (16) (quivered)
Scrolls
 e - 17 scrolls of teleportation
 g - 6 scrolls of noise
 i - 8 scrolls of fog
 j - 7 scrolls of immolation
 n - 8 scrolls of torment
 o - 2 scrolls of revelation
 s - 11 scrolls of fear
 x - a scroll of blinking
 y - 13 scrolls of vulnerability
 B - 6 scrolls of brand weapon
 D - 4 scrolls of amnesia
 E - 2 scrolls of silence
 I - 13 scrolls of enchant weapon
 N - 9 scrolls of poison
 P - a scroll of enchant armour
Potions
 a - 7 potions of might
 b - 8 potions of enlightenment
 d - 9 potions of brilliance
 k - 4 potions of magic
 p - 9 potions of lignification
 q - 2 potions of invisibility
 r - 3 potions of heal wounds
 v - 13 potions of ambrosia
 C - 6 potions of curing
 G - 8 potions of attraction
 J - 3 potions of berserk rage
 K - 4 potions of mutation
 T - 2 potions of resistance
 V - a potion of cancellation
Miscellaneous
 U - a condenser vane
 Z - a phial of floods


   Skills:
 O Level 27 Fighting
 O Level 27 Ranged Weapons
 - Level 15.0 Dodging
 - Level 5.0 Stealth
 - Level 10.0 Spellcasting
 - Level 7.0 Hexes
 + Level 19.1 Translocations
 - Level 13.0 Invocations
 - Level 5.0 Evocations


You had 32 spell levels left.
You knew the following spells:

 Your Spells              Type           Power      Damage    Failure   Level
a - Blink                 Tloc           76%        N/A       0%          2
b - Dimensional Bullseye  Hex/Tloc       14%        N/A       1%          4
c - Dispersal             Tloc           19%        N/A       1%          6

Your spell library contained the following spells:

 Spells                   Type           Power      Damage    Failure   Level
 Apportation              Tloc           76%        N/A       0%          1
 Lesser Beckoning         Tloc           76%        N/A       0%          2
 Momentum Strike          Conj/Tloc      42%        3d9       1%          2
 Teleport Other           Tloc           38%        N/A       1%          3
 Gell's Gavotte           Tloc           19%        2d(19-29) 1%          6
 Confusing Touch          Hex            17%        N/A       2%          3
 Sigil of Binding         Hex            17%        N/A       2%          3
 Manifold Assault         Tloc           19%        N/A       4%          7
 Ensorcelled Hibernation  Hex/Ice        20%        N/A       5%          2
 Cause Fear               Hex            8%         N/A       9%          4
 Dazzling Flash           Conj/Hex       20%        N/A       11%         3
 Freeze                   Ice            16%        1d4       14%         1
 Kiss of Death            Conj/Necr      16%        2d6       14%         1
 Necrotise                Necr           16%        1d4       14%         1
 Shock                    Conj/Air       16%        1d4       14%         1
 Sting                    Conj/Alch      16%        1d4       14%         1
 Cigotuvi's Dreadful Rot  Necr/Alch/Air  8%         N/A       22%         2
 Sublimation of Blood     Necr           4%         N/A       22%         2
 Disjunction              Tloc           19%        N/A       36%         8
 Frozen Ramparts          Ice            8%         1d2       41%         3
 Fugue of the Fallen      Necr           4%         N/A       41%         3
 Hailstorm                Conj/Ice       4%         3d5       41%         3
 Ozocubu's Armour         Ice            4%         N/A       41%         3
 Passwall                 Erth           4%         N/A       41%         3
 Stone Arrow              Conj/Erth      8%         3d7       41%         3
 Swiftness                Air            4%         N/A       41%         3
 Vampiric Draining        Necr           4%         2d6       41%         3
 Metabolic Englaciation   Hex/Ice        5%         N/A       67%         5
 Airstrike                Air            2%         2d(1-17)  82%         4
 Brom's Barrelling Bould  Conj/Erth      4%         2d3       82%         4
 Dispel Undead            Necr           4%         3d7       82%         4
 Flame Wave               Conj/Fire      4%         2d5       82%         4
 Ignite Poison            Fire/Alch      4%         N/A       82%         4
 Leda's Liquefaction      Alch/Erth      2%         N/A       82%         4
 Petrify                  Alch/Erth      4%         N/A       82%         4
 Sticky Flame             Fire/Alch      4%         2d4       82%         4
 Arcjolt                  Conj/Air       2%         1d12      99%         5
 Curse of Agony           Necr           4%         N/A       99%         5
 Fireball                 Conj/Fire      2%         3d4       99%         5
 Freezing Cloud           Conj/Ice/Air   2%         6-21      99%         5
 Irradiate                Conj/Alch      2%         3d12      99%         5
 Iskenderun's Battlesphe  Conj           4%         2d6       99%         5
 Bombard                  Conj/Erth      2%         9d1       100%        6
 Permafrost Eruption      Ice/Erth       2%         2x4d2     100%        6
 Starburst                Conj/Fire      2%         6d3       100%        6
 Orb of Destruction       Conj           2%         9d5       100%        7
 Rimeblight               Ice/Necr       2%         2d3       (prima100%   7
 Fulsome Fusillade        Conj/Alch      2%         (3-5)d4   100%        8
 Maxwell's Capacitive Co  Air            2%         ∞         100%        8
 Shatter                  Erth           2%         3d6*      100%        9
 Tukima's Dance           Hex            Unusable   N/A       N/A         3
 Summon Small Mammal      Summ           Unusable   N/A       N/A         1
 Call Imp                 Summ           Unusable   N/A       N/A         2
 Call Canine Familiar     Summ           Unusable   N/A       N/A         3
 Summon Ice Beast         Ice/Summ       Unusable   N/A       N/A         3
 Martyr's Knell           Necr/Summ      Unusable   N/A       N/A         4
 Summon Blazeheart Golem  Fire/Summ      Unusable   N/A       N/A         4
 Summon Lightning Spire   Summ/Air       Unusable   N/A       N/A         4
 Death Channel            Necr           Unusable   N/A       N/A         6
 Sculpt Simulacrum        Ice/Alch       Unusable   N/A       N/A         6
 Spellforged Servitor     Conj/Summ      Unusable   N/A       N/A         7
 Summon Hydra             Summ           Unusable   N/A       N/A         7
 Dragon's Call            Summ           Unusable   N/A       N/A         9

Dungeon Overview and Level Annotations

Branches:
Dungeon (15/15)            Temple (1/1) D:4            Lair (5/5) D:10
  Swamp (4/4) Lair:3       Spider (4/4) Lair:2        Slime (5/5) Lair:5
    Orc (2/2) D:9             Elf (3/3) Orc:2        Vaults (4/5) D:14
  Crypt (0/3) Vaults:2     Depths (4/4) D:15            Zot (5/5) Depths:4
  Sewer (visited)         Gauntlet (visited)

Altars:
Ashenzari
Cheibriados
Dithmenos
Elyvilon
Fedhas
Gozag
Hepliaklqana
Kikubaaqudgha
Makhleb
Nemelex Xobeh
Okawaru
Qazlal
Ru
Sif Muna
Trog
Uskayaw
Vehumet
Wu Jian
Xom
Yredelemnul
Zin
The Shining One
Beogh
Jiyva

Shops:
D:1 (=   D:3 =   D:10 =?!   D:14 :   Orc:2 (*(   Elf:1 !   Elf:2 (   Vaults:1 =
Vaults:2 [   Vaults:3 ([*([   Vaults:4 [==*   Depths:1 ?==:

Portals:
Hell: Depths:1 Depths:2 Depths:3 Depths:4
Abyss: Depths:3
Pandemonium: Depths:2 Depths:4
Ziggurat: Depths:2

Annotations:
D:8 2 runed translucent doors, Maurice
D:12 1 runed translucent door, bananaken's ghost, adept OnDe
Lair:1 3 runed translucent doors, Zomec's ghost, journeyman TrSh
Orc:1 1 runed translucent door, Dimeopto's ghost, journeyman CoAl
Vaults:2 3 runed translucent doors, RBrandon's ghost, adept FoAl
Vaults:4 2 transporters
Depths:1 1 runed translucent door, Keaj's ghost, veteran GnWn
Depths:2 exclusion: shining eye


Innate Abilities, Weirdness & Mutations

You can breathe arcing electricity.
Your glossy black scales are hard. (AC +12)
You cannot fit into any form of body armour.
Your large and strong wings let you fly.
You are resistant to electric shocks. (rElec)
You are cold-blooded and may be slowed by cold attacks.
You possess an exceptional clarity of mind.
You occasionally shout uncontrollably at your foes.
Your muscles are strong. (Str +4, Int/Dex -1)


Message History

A bat comes into view.
A rakshasa comes into view. It is wielding a +0 long sword.
The bat barely misses you.
The rakshasa blinks!
The bat completely misses you. The bat hits you but does no damage.
The bat completely misses you. The bat closely misses you.
The bat completely misses you.
The rakshasa weaves an illusion.
The bat shimmers and seems to become two!
The bat attacks as it pursues you! The bat hits you but does no damage.
The bat barely misses you. The bat completely misses you. x2
The bat completely misses you. The bat misses you.
The rakshasa weaves an illusion.
The bat shimmers and seems to become two!
The bat attacks as it pursues you! The bat misses you. x2
The bat completely misses you. The bat completely misses you.
The bat attacks as it pursues you! The bat completely misses you.
The bat barely misses you. The bat misses you.
The bat attacks as it pursues you! The bat completely misses you.
The bat misses you. The bat completely misses you.
The bat completely misses you.
There is a large open door here.
There is a large open door here.
The bat barely misses you. The bat closely misses you.
The bat completely misses you. The bat hits you but does no damage.
The bat completely misses you. The bat misses you.
The bat completely misses you.
There is an open door here.
The bat completely misses you. The bat hits you but does no damage.
The bat attacks as it pursues you! The bat completely misses you.
The bat closely misses you. The bat completely misses you.
The bat completely misses you. The bat closely misses you.
There is a staircase leading out of the dungeon here.
The bat completely misses you. x2; The bat hits you but does no damage.
You have escaped!

.....####.#..##.######.#
###....##.#..##........#
###.###.#.#..##..####### ....#
#......##..####
###.###.#......R....#
#..>.######.#..##.#
≈≈≈≈≈#####≈≈≈≈≈≈≈≈≈.###########
####≈#~♣~#≈#######≈...........#
..ß####ß####ß.b.@#≈##########.#
...'.......'...bb#≈# #.#
..ß##ß#'#ß##ß...ß#≈# #.#
'######'######'###≈# #.#
.##♣♣.....♣♣##.#~#≈# ##.##
.#♣~.......~♣#.ß♣♣b# ####...#
.ß#.........#ß.#~#≈# #....#.#
.##...~♣~...##.###≈### #.##...#
.''...♣ß♣...''..''...####.######


You could see 3 bats.

Vanquished Creatures
  the Royal Jelly (Slime:5)
  Dissolution (Arena)
  3 orbs of fire (Zot:5)
  A dread lich (Zot:5)
  4 ancient liches (Zot:5)
  Mennas (Depths:3)
  2 juggernauts (Depths:2)
  Josephina (Depths:2)
  Vv (Zot:4)
  Bai Suzhen (Spider:4)
  4 Killer Klowns
  2 curse toes
  6 golden dragons
  Nikola (Spider:2)
  Norris (Depths:2)
  Arachne (Spider:2)
  The ghost of jasper the Black Belt, an adept DsRe of Gozag (Elf:3)
  3 electric golems
  A walking crystal tome (Depths:4)
  13 tentacled monstrosities
  Asterion (Lair:2)
  3 liches
  2 deep elf blademasters (Elf:3)
  A walking earthen tome (Depths:2)
  A quicksilver dragon (Zot:1)
  2 deep elf master archers (Elf:3)
  23 Orb Guardians
  8 sphinxes
  14 death cobs
  25 acid blobs
  2 tengu reavers
  Gastronok (Lair:2)
  A thorn hunter (Swamp:4)
  Agnes (Spider:2)
  17 storm dragons
  8 shadow dragons
  Aizul (Spider:3)
  Donald (Spider:4)
  4 frost giants
  2 emperor scorpions
  6 fire giants
  The ghost of MrSquiggles the Gargoyle Blade, an adept GrFi of the Shining One (Elf:3)
  6 azure jellies
  9 rockslimes
  6 draconian monks
  3 deep elf sorcerers (Elf:3)
  8 draconian shifters
  5 ghost moths
  6 protean progenitors
  6 draconian knights
  2 deep elf elementalists (Elf:3)
  8 vault wardens
  5 draconian scorchers
  Louise (Spider:2)
  2 reapers
  12 stone giants
  4 draconian annihilators
  8 draconian stormcallers
  3 orc warlords
  10 formless jellyfish
  12 ironbound preservers
  10 quicksilver oozes
  8 very ugly things
  A broodmother (Spider:3)
  5 vampire knights
  6 black draconians
  11 green draconians
  7 deep elf demonologists
  5 ironbound thunderhulks
  12 deep elf death magi
  10 deep elf annihilators
  Nessos (Lair:4)
  14 dire elephants
  2 eleionomae (Swamp:4)
  A lorocyproca (Zot:2)
  A war gargoyle (Vaults:2)
  17 red draconians
  17 yellow draconians
  7 spark wasps
  12 purple draconians
  5 bunyips
  5 ettins
  A minotaur (Gauntlet)
  An eidolon (Vaults:2)
  17 white draconians
  2 merfolk javelineers (Depths:3)
  8 entropy weavers
  4 fire dragons
  2 green deaths (Swamp:4)
  2 jiangshi (D:15)
  A shambling mangrove (Swamp:4)
  11 yaktaur captains
  4 deep elf high priests
  10 great orbs of eyes
  Erolcha (D:13)
  12 vault guards
  A juggernaut simulacrum (Depths:2)
  The ghost of airrhodes1 the Protected, a journeyman HuAr of Yredelemnul (D:10)
  A jorogumo (Spider:3)
  3 peacekeepers
  8 ice dragons
  18 hydras
  3 rakshasas
  10 centaur warriors
  4 spriggan air magi
  2 hell beasts (Swamp:4)
  5 alligators
  2 ghost crabs
  4 radroaches
  2 catoblepae
  2 death knights
  12 boulder beetles
  4 two-headed ogres
  6 deep troll earth magi
  3 deep troll shamans
  An ogre mage (D:15)
  9 death yaks
  9 ironbound frosthearts
  25 dancing weapons
  A tengu warrior (D:15)
  6 demonic crawlers
  A thrashing horror (Swamp:4)
  A shock serpent (shapeshifter) (Depths:4)
  12 spriggan berserkers
  2 vampire magi
  5 orc high priests (Orc:2)
  A wretched star (Gauntlet)
  15 deep elf knights
  11 hell knights
  A sun demon (Depths:4)
  8 pharaoh ants
  3 skysharks
  3 iron trolls
  3 goliath frogs
  3 salamander mystics
  7 skeletal warriors
  6 deep elf archers
  A quicksilver dragon simulacrum (Depths:2)
  A death drake (Arena)
  4 glowing orange brains
  A shadow demon (Depths:4)
  2 orb spiders (shapeshifter)
  7 swamp dragons
  3 sun moths
  45 deep trolls
  2 thermic dynamos
  8 spriggan druids
  A glowing orange brain (shapeshifter) (Vaults:1)
  16 lindwurms
  11 arcanists
  7 bog bodies
  An elf zombie (Vaults:4)
  11 steelbarb worms
  7 orb spiders
  19 ironbound convokers
  An obsidian bat (Orc:2)
  A harpy (shapeshifter) (Elf:1)
  5 necromancers
  26 deep elf zephyrmancers
  3 harpies
  18 wolf spiders
  3 shining eyes
  5 orc knights (Vaults:3)
  5 large abominations
  6 will-o-the-wisps
  2 human zombies (Vaults:2)
  25 deep elf pyromancers
  3 orc sorcerers (Orc:2)
  41 ugly things
  A manticore (D:14)
  6 cyclopes
  35 moths of wrath
  2 spectral centaurs (Gauntlet)
  An oklob plant (Lair:4)
  6 salamanders
  10 meliai
  21 elephants
  A rust devil (Depths:4)
  A centaur zombie (Gauntlet)
  A kobold blastminer (Orc:1)
  6 torpor snails
  An elephant (shapeshifter) (Elf:1)
  A torpor snail (shapeshifter) (Elf:1)
  An eye of devastation (Slime:5)
  9 black mambas
  A water nymph (shapeshifter) (Elf:2)
  A titan simulacrum (Depths:2)
  9 cane toads
  9 vault sentinels
  A smoke demon (Depths:2)
  A guardian serpent (shapeshifter) (Elf:1)
  An ice statue (Zot:3)
  2 orange demons (Swamp:4)
  Maggie (D:6)
  An efreet (Zot:5)
  3 kobold demonologists
  4 rime drakes
  2 unseen horrors
  23 yaktaurs
  2 tengu conjurers
  9 komodo dragons
  A redback zombie (Gauntlet)
  10 trolls
  A freezing wraith (D:12)
  2 bloated husks
  A troll (shapeshifter) (D:14)
  2 polar bears
  A wind drake (shapeshifter) (D:13)
  Grinder (D:4)
  35 tarantellas
  13 tyrant leeches
  11 blink frogs
  27 jumping spiders
  4 glass eyes
  15 hornets
  6 dream sheep (Lair:4)
  An ettin zombie (Vaults:2)
  5 shadows
  20 culicivoras
  2 air elementals
  54 slime creatures
  14 spriggans
  An ettin skeleton (Vaults:2)
  5 wraiths
  3 wyverns
  2 centaur simulacra (D:14)
  2 fire elementals
  9 water elementals
  2 vampires
  A spriggan (shapeshifter) (Elf:1)
  73 yaks
  3 golden eyes (Slime:3)
  2 steam dragons
  57 redbacks
  8 vampire mosquitoes
  6 basilisks
  2 chaos spawn
  A spriggan simulacrum (Depths:2)
  2 wargs
  4 death yak simulacra (D:15)
  15 swamp worms
  A swamp worm (shapeshifter) (Depths:2)
  An acid dragon (D:13)
  24 water moccasins
  Duvessa (D:6)
  A swamp drake (shapeshifter) (D:15)
  3 laughing skulls
  3 black bears
  18 orc warriors
  A sky beast (D:6)
  An elf simulacrum (Vaults:4)
  10 centaurs
  10 ogres
  21 wolves
  11 kobold brigands
  13 bullfrogs
  2 earth elementals
  4 scorpions
  7 small abominations (Gauntlet)
  A gnoll sergeant (D:9)
  3 human skeletons
  Dowan (D:6)
  16 wights
  A human simulacrum (Vaults:4)
  3 elephant simulacra (D:15)
  5 killer bees
  3 howler monkeys
  A bombardier beetle (D:5)
  A hound (D:6)
  12 jellies (Lair:5)
  33 orc priests
  Jessica (D:3)
  2 sleepcaps
  5 iguanas
  31 orc wizards
  6 hell rats (Lair:1)
  A boggart simulacrum (D:15)
  4 gnolls (D:9)
  17 adders
  4 river rats (Sewer)
  4 hell rat simulacra (D:15)
  2 ufetubi (D:5)
  2 ribbon worms (D:2)
  A dart slug (D:5)
  37 orcs
  12 endoplasms
  3 giant cockroaches
  5 goblins
  5 hobgoblins
  4 quokkas
  17 ball pythons
  3 bats
  4 frilled lizards
  8 kobolds
  29 rats
  2 aspiring fleshes (Zot:1)
2056 creatures vanquished.

Vanquished Creatures (others)
  A deep elf pyromancer (Elf:1)
  An arcanist (D:4)
  A swamp worm (Gauntlet)
  A glowing shapeshifter simulacrum (Depths:2)
  11 foxfires
15 creatures vanquished.

Grand Total: 2071 creatures vanquished

Notes
Turn   | Place    | Note
-------+----------+-------------------------------------------
     0 | D:1      | glaedl the Draconian Hunter began the quest for the Orb.
     0 | D:1      | Reached XP level 1. HP: 17/17 MP: 1/1
    68 | D:1      | Found Luruq's Antique Weapon Shop.
   100 | D:1      | Reached skill level 1 in Stealth
   296 | D:1      | Found Kaosesio's Jewellery Shop.
   904 | D:2      | You fall into a shaft and drop 1 floor!
   921 | D:3      | Reached XP level 2. HP: 24/24 MP: 2/2
  1157 | D:2      | Got the Tractate on Wicked Company
  1167 | D:2      | Reached XP level 3. HP: 31/31 MP: 3/3
  1323 | D:2      | Found a faded altar of an unknown god.
  1658 | D:3      | Found a glowing silver altar of Zin.
  1659 | D:3      | Noticed Jessica
  1666 | D:3      | Killed Jessica
  1667 | D:3      | Reached XP level 4. HP: 40/40 MP: 4/4
  1679 | D:3      | Got the Annotations on Wanderlust and the Maleficium
  1725 | D:3      | Found Isme's Jewellery Shop.
  1757 | D:2      | Reached skill level 5 in Ranged Weapons
  1757 | D:2      | Reached XP level 5. HP: 29/46 MP: 5/5
  2042 | D:3      | Reached XP level 6. HP: 52/52 MP: 6/6
  2547 | D:4      | Found a sparkling altar of Nemelex Xobeh.
  2547 | D:4      | Found an ancient bone altar of Kikubaaqudgha.
  2627 | D:4      | Found a stormy altar of Qazlal.
  2638 | D:4      | Noticed Grinder
  2692 | D:4      | Found a bloodstained altar of Trog.
  2693 | D:4      | Noticed a wizard
  2698 | D:4      | Killed a wizard
  2737 | D:4      | Found a staircase to the Ecumenical Temple.
  2751 | Temple   | Entered the Ecumenical Temple
  2869 | D:4      | Found a shimmering blue altar of Sif Muna.
  2913 | D:4      | Found a glowing drain.
  2920 | Sewer    | Entered a sewer
  3056 | Sewer    | Your scales start taking on a glossy black colour.
  3056 | Sewer    | Reached XP level 7. HP: 41/59 MP: 7/7
  3056 | Sewer    | Gained mutation: You are resistant to electric shocks.
                  | (rElec) [Black Draconian growth]
  3317 | Sewer    | Reached skill level 5 in Fighting
  3695 | D:4      | Paralysed by Grinder for 5 turns
  3719 | D:4      | Killed Grinder
  3894 | D:4      | Found a hide-covered altar of Uskayaw.
  3936 | D:5      | Entered Level 5 of the Dungeon
  4031 | D:5      | Reached XP level 8. HP: 47/70 MP: 8/8
  4180 | D:5      | Found an iron altar of Okawaru.
  4188 | D:5      | Became a worshipper of Warmaster Okawaru
  4542 | D:5      | Reached skill level 5 in Dodging
  4765 | D:6      | Noticed Duvessa
  4765 | D:6      | Noticed Dowan
  4889 | D:6      | Noticed Maggie
  5080 | D:6      | Reached * piety under Okawaru
  5153 | D:6      | Found an opulent altar of Gozag.
  5220 | D:6      | Found a shadowy altar of Dithmenos.
  5221 | D:6      | Found a hazy altar of Hepliaklqana.
  5223 | D:6      | Found a snail-covered altar of Cheibriados.
  5305 | D:6      | Killed Duvessa
  5306 | D:6      | Reached skill level 1 in Invocations
  5316 | D:6      | Killed Dowan
  5789 | D:7      | Reached XP level 9. HP: 75/75 MP: 10/10
  5989 | D:7      | Reached ** piety under Okawaru
  7128 | D:8      | Reached *** piety under Okawaru
  7370 | D:8      | Found a large runed translucent door.
  7370 | D:8      | Found a large runed translucent door.
  7462 | D:8      | Reached XP level 10. HP: 83/83 MP: 12/12
  7500 | D:8      | Noticed Maurice
  7860 | D:9      | Found a staircase to the Orcish Mines.
  7877 | D:9      | Found a roughly hewn altar of Beogh.
  8086 | D:9      | Found a sacrificial altar of Ru.
  8292 | D:9      | Reached **** piety under Okawaru
  8582 | D:9      | Reached skill level 10 in Ranged Weapons
  8641 | D:9      | Reached skill level 10 in Dodging
  9036 | D:10     | Entered Level 10 of the Dungeon
  9228 | D:10     | Found a burning altar of Makhleb.
  9315 | D:10     | Found a blossoming altar of Fedhas.
  9320 | D:10     | Reached ***** piety under Okawaru
  9335 | D:10     | Noticed a centaur warrior
  9558 | D:6      | Killed Maggie
  9665 | D:10     | Found Ipluy's Distillery.
  9671 | D:10     | Bought a potion of heal wounds for 60 gold pieces
  9671 | D:10     | Bought a potion of invisibility for 96 gold pieces
  9671 | D:10     | Bought a potion of haste for 120 gold pieces
  9760 | D:9      | Reached XP level 11. HP: 34/92 MP: 13/13
 10212 | D:10     | Received a gift from Okawaru
 10247 | D:10     | Found a staircase to the Lair.
 10260 | D:10     | Found Nahur's Jewellery Emporium.
 10279 | D:10     | Found a runed translucent gate.
 10279 | D:10     | Found a runed translucent gate.
 10279 | D:10     | Found a runed translucent gate.
 10281 | D:10     | Noticed airrhodes1's ghost (journeyman HuAr)
 10373 | D:10     | Killed a centaur warrior
 10832 | D:10     | Found Siogyill's Magic Scroll Shop.
 10840 | D:10     | Bought a scroll of identify for 26 gold pieces
 10840 | D:10     | Bought a scroll of identify for 26 gold pieces
 10840 | D:10     | Bought a scroll of identify for 26 gold pieces
 10974 | D:10     | Noticed a two-headed ogre
 10982 | D:10     | Killed a two-headed ogre
 11032 | Lair:1   | Entered Level 1 of the Lair of Beasts
 11041 | Lair:1   | Found a runed translucent gate.
 11041 | Lair:1   | Found a runed translucent gate.
 11042 | Lair:1   | Found a runed translucent gate.
 11043 | Lair:1   | Noticed Zomec's ghost (journeyman TrSh)
 11044 | Lair:1   | Noticed a nine-headed hydra
 11231 | D:10     | Received a gift from Okawaru
 11809 | Lair:1   | Noticed a boulder beetle
 11854 | Lair:1   | Killed a boulder beetle
 11855 | Lair:1   | Reached skill level 10 in Fighting
 11993 | Lair:1   | Reached XP level 12. HP: 106/106 MP: 14/14
 12423 | Lair:2   | Received a gift from Okawaru
 12531 | Lair:2   | Noticed a seven-headed hydra
 12543 | Lair:2   | Killed a seven-headed hydra
 12544 | Lair:2   | Noticed Gastronok
 13366 | Lair:2   | Killed Gastronok
 13635 | Lair:2   | You are sucked into a shaft and drop 1 floor!
 13645 | Lair:3   | Reached ****** piety under Okawaru
 13646 | Lair:3   | Acquired the +5 longbow of Reinforcement {speed, Str+2}
 13646 | Lair:3   | Received a gift from Okawaru
 13650 | Lair:3   | Acquired the scarf "Gucungab" {rC+ rF+, rN+ Str+2 Dex+3
                  | Slay-5}
 13650 | Lair:3   | Received a gift from Okawaru
 13688 | Lair:3   | Found a staircase to the Swamp.
 13949 | Lair:3   | Received a gift from Okawaru
 14347 | Lair:3   | Identified the +0 quarterstaff of the Feather {flame,
                  | +Blink MP+9}
 14811 | Lair:4   | Received a gift from Okawaru
 14828 | Lair:4   | Reached XP level 13. HP: 119/119 MP: 15/15
 15401 | Lair:4   | Noticed Nessos
 15410 | Lair:4   | Killed Nessos
 16079 | Lair:4   | Received a gift from Okawaru
 16107 | Lair:4   | Found the +8 whip "Snakebite" {venom, curare, rPois}
 16270 | Lair:5   | Entered Level 5 of the Lair of Beasts
 16574 | Lair:5   | Reached skill level 15 in Ranged Weapons
 16711 | Lair:5   | Received a gift from Okawaru
 17261 | Lair:5   | Received a gift from Okawaru
 17300 | Lair:5   | Gained mutation: Your large and strong wings let you fly.
                  | [Black Draconian growth]
 17300 | Lair:5   | Reached XP level 14. HP: 132/132 MP: 16/16
 17382 | Lair:5   | Found a staircase to the Slime Pits.
 18081 | Lair:5   | Received a gift from Okawaru
 18190 | Lair:5   | Identified the +9 plate armour of Instinct {rElec rN+
                  | rCorr}
 18591 | Orc:1    | Entered Level 1 of the Orcish Mines
 18681 | Orc:1    | Found a runed translucent door.
 18681 | Orc:1    | Noticed Dimeopto's ghost (journeyman CoAl)
 19285 | Orc:2    | Entered Level 2 of the Orcish Mines
 19302 | Orc:2    | Received a gift from Okawaru
 19387 | Orc:2    | Found a staircase to the Elven Halls.
 19820 | Orc:2    | Found Ytawuh's Magic Scroll Emporium.
 19825 | Orc:2    | Found Wafru's Antique Weapon Emporium.
 19837 | Orc:2    | Found Hihoppin's Weapon Shoppe.
 19837 | Orc:2    | Found Ciseoq's General Store.
 19849 | Orc:2    | Bought a scroll of identify for 22 gold pieces
 19850 | Orc:2    | Bought a scroll of teleportation for 45 gold pieces
 19850 | Orc:2    | Bought a scroll of enchant armour for 112 gold pieces
 19850 | Orc:2    | Bought a scroll of teleportation for 45 gold pieces
 19850 | Orc:2    | Bought a scroll of identify for 30 gold pieces
 19850 | Orc:2    | Bought 3 scrolls of revelation for 337 gold pieces
 19850 | Orc:2    | Bought a scroll of brand weapon for 142 gold pieces
 19850 | Orc:2    | Bought a scroll of teleportation for 45 gold pieces
 19850 | Orc:2    | Bought a scroll of identify for 30 gold pieces
 19850 | Orc:2    | Bought a scroll of enchant weapon for 112 gold pieces
 20017 | Orc:2    | Noticed an orc warlord
 20027 | Orc:2    | Killed an orc warlord
 20411 | Lair:2   | Received a gift from Okawaru
 20662 | Lair:2   | Found a hole to the Spider Nest.
 20859 | Spider:1 | Entered Level 1 of the Spider Nest
 20859 | Spider:1 | Noticed Asterion
 20859 | Spider:1 | Noticed an emperor scorpion
 21230 | Lair:2   | Killed an emperor scorpion
 21388 | Swamp:1  | Entered Level 1 of the Swamp
 21639 | Swamp:1  | Reached XP level 15. HP: 138/138 MP: 17/17
 21954 | Swamp:2  | Learned a level 2 spell: Blink
 22001 | Swamp:2  | Received a gift from Okawaru
 22002 | Swamp:2  | Reached skill level 1 in Translocations
 22301 | Swamp:2  | Reached skill level 5 in Invocations
 22456 | Swamp:2  | Received a gift from Okawaru
 22916 | Swamp:4  | Entered Level 4 of the Swamp
 23659 | Swamp:4  | Received a gift from Okawaru
 23689 | Swamp:4  | Noticed a thorn hunter
 23702 | Swamp:4  | Killed a thorn hunter
 23703 | Swamp:4  | Reached skill level 1 in Spellcasting
 24076 | Swamp:4  | Received a gift from Okawaru
 24311 | Swamp:4  | Reached XP level 16. HP: 146/146 MP: 20/22
 24623 | Swamp:4  | Reached skill level 1 in Hexes
 24797 | Swamp:4  | Got a decaying rune of Zot
 25109 | Lair:2   | Killed Asterion
 25287 | Lair:2   | Received a gift from Okawaru
 25588 | Spider:1 | You are sucked into a shaft and drop 1 floor!
 25588 | Spider:2 | Noticed Louise
 25610 | Spider:2 | Killed Louise
 25661 | Spider:2 | Reached skill level 5 in Translocations
 25844 | Spider:2 | Received a gift from Okawaru
 26022 | Spider:2 | Noticed Nikola
 26052 | Spider:2 | Killed Nikola
 26083 | Spider:2 | Noticed Arachne
 26096 | Spider:2 | Killed Arachne
 26399 | Spider:1 | Received a gift from Okawaru
 26486 | Spider:2 | Noticed Agnes
 26501 | Spider:2 | Killed Agnes
 26564 | Spider:1 | Reached skill level 10 in Invocations
 26995 | Spider:2 | Reached skill level 15 in Fighting
 27083 | Spider:2 | Learned a level 4 spell: Dimensional Bullseye
 28162 | Spider:3 | Reached XP level 17. HP: 125/156 MP: 24/24
 28625 | Spider:3 | Reached skill level 5 in Hexes
 29172 | Spider:4 | Entered Level 4 of the Spider Nest
 29172 | Spider:4 | Noticed Bai Suzhen
 29389 | Spider:4 | Noticed Donald
 29403 | Spider:4 | Received a gift from Okawaru
 29409 | Spider:4 | Killed Donald
 29454 | Spider:4 | Identified the serpent talisman "Vefoylil" {Int+5}
 29454 | Spider:4 | Noticed Aizul
 29624 | Spider:3 | Killed Aizul
 30446 | Spider:4 | Killed Bai Suzhen
 30495 | Spider:4 | Received a gift from Okawaru
 31020 | Spider:4 | Got a gossamer rune of Zot
 31554 | D:10     | Killed airrhodes1's ghost
 32194 | D:12     | Found a roughly hewn altar of Beogh.
 32842 | D:12     | Received a gift from Okawaru
 32963 | D:12     | Found a runed translucent door.
 32994 | D:12     | Found a shimmering altar of Xom.
 32994 | D:12     | Noticed bananaken's ghost (adept OnDe)
 33336 | D:13     | Found a gate leading to a gauntlet.
 33343 | Gauntlet | Entered a Gauntlet
 33343 | Gauntlet | Found a transporter.
 33350 | Gauntlet | Found a transporter.
 33353 | Gauntlet | Found a transporter.
 33354 | Gauntlet | Found a transporter.
 33358 | Gauntlet | Found a runed translucent door.
 33358 | Gauntlet | Found a runed translucent door.
 33362 | Gauntlet | Found a transporter.
 33365 | Gauntlet | Found a transporter.
 33366 | Gauntlet | Found a transporter.
 33374 | Gauntlet | Found a transporter.
 33377 | Gauntlet | Found a transporter.
 33378 | Gauntlet | Found a transporter.
 33386 | Gauntlet | Found a transporter.
 33389 | Gauntlet | Found a transporter.
 33390 | Gauntlet | Found a transporter.
 33398 | Gauntlet | Found a transporter.
 33560 | Gauntlet | Reached XP level 18. HP: 154/168 MP: 25/25
 33619 | Arena    | Entered the Arena
 33911 | Gauntlet | Identified the +10 orcbow of Wisdom {elec, rPois rF- Str+3
                  | Int+2}
 33930 | Gauntlet | Got the Handbook of the Reconfigured Gang
 34485 | D:13     | Noticed Erolcha
 34492 | D:13     | Killed Erolcha
 35389 | D:14     | Found a gate to the Vaults.
 35495 | D:14     | Found Ytygeq's Book Emporium.
 35645 | D:15     | Entered Level 15 of the Dungeon
 35714 | D:15     | Reached skill level 5 in Spellcasting
 35873 | D:15     | Received a gift from Okawaru
 36013 | D:15     | Paralysed by something for 5 turns
 36244 | D:15     | Found a staircase to the Depths.
 36715 | Vaults:1 | Entered Level 1 of the Vaults
 37329 | Vaults:1 | Reached skill level 5 in Stealth
 37569 | Vaults:1 | Found Niumovvumu's Jewellery Emporium.
 37577 | Vaults:1 | Bought the amulet "Fyitirgh" {Faith Will++ Dex+6 Stlth+}
                  | for 1451 gold pieces
 37597 | Vaults:1 | Paralysed by a formless jellyfish for 1 turns
 37603 | Vaults:1 | Received a gift from Okawaru
 38219 | Vaults:1 | Reached XP level 19. HP: 164/177 MP: 22/28
 38344 | Vaults:1 | Received a gift from Okawaru
 38380 | Vaults:1 | Reached skill level 10 in Translocations
 38690 | Vaults:1 | Received a gift from Okawaru
 39852 | Vaults:2 | Found a runed translucent gate.
 39852 | Vaults:2 | Found a runed translucent gate.
 39852 | Vaults:2 | Noticed RBrandon's ghost (adept FoAl)
 39853 | Vaults:2 | Found a runed translucent gate.
 39995 | Vaults:2 | Paralysed by a formless jellyfish for 1 turns
 40083 | Vaults:2 | Received a gift from Okawaru
 40408 | Vaults:2 | Received a gift from Okawaru
 40510 | Vaults:2 | Found Beak's Antique Armour Emporium.
 40612 | Vaults:2 | Bought a pair of glowing boots for 225 gold pieces
 40665 | Vaults:2 | Found a staircase to the Crypt.
 41064 | Vaults:3 | Found Teni's Antique Weapon Emporium.
 41117 | Vaults:3 | Found Rorab's Assorted Antiques.
 41134 | Vaults:3 | Bought a potion of heal wounds for 180 gold pieces
 41210 | Vaults:3 | Found Werez's Antique Armour Shoppe.
 41926 | Vaults:3 | Found Magun's Weapon Emporium.
 41973 | Vaults:3 | Found Ibannas's Armour Boutique.
 41980 | Vaults:3 | Reached XP level 20. HP: 189/189 MP: 30/30
 41993 | Vaults:3 | Received a gift from Okawaru
 41994 | Vaults:3 | Reached skill level 1 in Evocations
 42479 | Vaults:4 | Found Huuluarph's Jewellery Shoppe.
 42496 | Vaults:4 | Found Coets's Jewellery Boutique.
 42952 | Vaults:4 | Received a gift from Okawaru
 43004 | Vaults:4 | Found a transporter.
 43006 | Vaults:4 | Found the +7 lajatang of Order {silver, rMut}
 43043 | Vaults:4 | Found a transporter.
 43442 | Vaults:4 | Found Rung's General Store.
 43555 | Vaults:4 | Reached skill level 5 in Evocations
 43709 | Vaults:4 | Found Dimu Axu's Armour Shop.
 44082 | Depths:1 | Entered Level 1 of the Depths
 44437 | Depths:1 | Found a runed translucent door.
 44440 | Depths:1 | Noticed Keaj's ghost (veteran GnWn)
 44580 | Depths:1 | Received a gift from Okawaru
 45304 | Depths:1 | Received a gift from Okawaru
 45664 | Depths:1 | Found a sparkling altar of Nemelex Xobeh.
 45689 | Depths:1 | Found Netic's Magic Scroll Shoppe.
 45695 | Depths:1 | Bought a scroll of blinking for 90 gold pieces
 45698 | Depths:1 | Found Tugiy's Jewellery Boutique.
 45700 | Depths:1 | Found Vuirofoc's Book Shoppe.
 45701 | Depths:1 | Found Wutiq's Jewellery Boutique.
 46331 | Depths:1 | Found a gateway to Hell.
 46565 | Depths:2 | Identified the ring "Ygah" {Ice Will+ rCorr Str+4 Stlth-}
 46565 | Depths:2 | Noticed Josephina
 46608 | Depths:2 | Killed Josephina
 46633 | Depths:2 | Reached XP level 21. HP: 152/201 MP: 31/31
 46806 | Depths:2 | Found a one-way gateway to a ziggurat.
 47050 | Depths:2 | Identified the +1 broad axe of Okawaru's Approval {protect,
                  | rF+ Str+3 Int+2}
 47148 | Depths:2 | Received a gift from Okawaru
 47375 | Depths:2 | Noticed Norris
 47385 | Depths:2 | Noticed a juggernaut
 47421 | Depths:2 | Killed a juggernaut
 47424 | Depths:2 | Killed Norris
 47442 | Depths:2 | Noticed a juggernaut
 47470 | Depths:2 | Killed a juggernaut
 47480 | Depths:2 | Received a gift from Okawaru
 48108 | Depths:2 | Found a one-way gate leading to the halls of Pandemonium.
 48428 | Depths:3 | Found a one-way gate to the infinite horrors of the Abyss.
 48491 | Depths:3 | Identified a scroll of acquirement
 48494 | Depths:3 | Acquired the +3 warlock's mirror {omnireflect}
 48494 | Depths:3 | Found the +3 warlock's mirror {omnireflect}
 48605 | Depths:3 | Noticed Mennas
 49079 | Depths:3 | Identified the +11 dagger "Zouh" {protect, Dex+2}
 49379 | Elf:1    | Entered Level 1 of the Elven Halls
 49509 | Elf:1    | Received a gift from Okawaru
 49562 | Elf:1    | Found Miputs's Distillery.
 49570 | Elf:1    | Bought a potion of heal wounds for 95 gold pieces
 49570 | Elf:1    | Bought a potion of haste for 190 gold pieces
 49570 | Elf:1    | Bought a potion of cancellation for 152 gold pieces
 49914 | Elf:1    | Identified the +1 robe "Hehep" {rPois rC+++ Int-3 Dex+2}
 50201 | Elf:2    | Found a runed translucent gate.
 50201 | Elf:2    | Found a runed translucent gate.
 50201 | Elf:2    | Found a runed translucent gate.
 50361 | Elf:2    | Received a gift from Okawaru
 50371 | Elf:2    | Found Seydaremi's Antique Weapon Shoppe.
 50548 | Elf:2    | Identified the +5 hand axe of Jaschy {drain, +Blink Will+}
 51471 | Elf:3    | Entered Level 3 of the Elven Halls
 51557 | Elf:3    | Paralysed by an air elemental for 1 turns
 51728 | Elf:3    | Received a gift from Okawaru
 51729 | Elf:3    | Reached XP level 22. HP: 206/209 MP: 34/34
 51913 | Elf:3    | Found a runed translucent gate.
 51913 | Elf:3    | Found a runed translucent gate.
 51915 | Elf:3    | Found a runed translucent gate.
 52364 | Elf:3    | Received a gift from Okawaru
 52495 | Elf:3    | Found the +8 autumn katana {manifold assault}
 52538 | Elf:3    | Got the Omnibus of the Combative Gift
 52593 | Elf:3    | Identified the +3 falchion of the Skies Above {flame, Will+
                  | SInv}
 52636 | Elf:3    | Got the Anthology of Rot
 52640 | Elf:3    | Identified the +9 longbow "Zixiodal" {heavy, rElec Str-5
                  | Dex+5}
 52657 | Elf:3    | Got the Almanac of the Modern Emperors
 52672 | Elf:3    | Identified the +1 orcbow of the Pit {heavy, Dex+5}
 52690 | Elf:3    | Got the Lectures on the Gritty Glacier
 52764 | Elf:3    | Noticed MrSquiggles's ghost (adept GrFi)
 53050 | Elf:3    | Noticed jasper's ghost (adept DsRe)
 53107 | Elf:3    | Killed jasper's ghost
 53120 | Elf:3    | Killed MrSquiggles's ghost
 53752 | Slime:1  | Entered Level 1 of the Pits of Slime
 53833 | Slime:1  | Found a viscous altar of Jiyva.
 54314 | Slime:3  | Noticed Dissolution
 54315 | Arena    | Entered the Arena
 54328 | Arena    | Killed Dissolution
 54403 | Slime:3  | Acquired a manual of Fighting
 54913 | Slime:4  | Gained mutation: Your mind is acute. (Int +4, Str/Dex -1)
                  | [a shining eye]
 55021 | Slime:5  | Entered Level 5 of the Pits of Slime
 55059 | Slime:5  | Received a gift from Okawaru
 55434 | Slime:5  | Found a viscous altar of Jiyva.
 55485 | Slime:5  | Found the +7 mace of Variability {chaos, chaos arc}
 55616 | Slime:5  | Received a gift from Okawaru
 55673 | Slime:5  | Found the +3 pair of gauntlets of War {Slay+5}
 55782 | Slime:5  | Noticed the Royal Jelly
 55798 | Slime:5  | Killed the Royal Jelly
 55799 | Slime:5  | Reached skill level 10 in Spellcasting
 56396 | Slime:5  | Got a slimy rune of Zot
 56397 | Slime:5  | Identified the staff of the Stork {rElec Str+5 Int-2 Air}
 56398 | Slime:5  | Identified the +6 morningstar of Enisyroq {flame, Int+3
                  | Stlth+}
 56442 | Slime:5  | Identified the +9 mace of Ijoism {vamp, Int+4}
 56450 | Slime:5  | Got the Elucidation of Angular Stones
 56523 | Slime:5  | Identified the ring "Duosch" {Fly rC+}
 57146 | Depths:3 | Learned a level 6 spell: Dispersal
 57217 | Depths:3 | Killed Mennas
 57228 | Depths:4 | Entered Level 4 of the Depths
 57303 | Depths:3 | Reached XP level 23. HP: 215/217 MP: 37/37
 57337 | Depths:4 | Reached skill level 15 in Translocations
 57982 | Depths:4 | Received a gift from Okawaru
 57984 | Depths:4 | Identified the +3 short sword of Equivalence {freeze, rPois
                  | Str+2}
 58270 | Depths:4 | Found a bloodstained altar of Trog.
 58664 | D:1      | Bought a ring of see invisible for 210 gold pieces
 59587 | Depths:4 | Found a gate to the Realm of Zot.
 59618 | Depths:4 | Reached skill level 27 in Ranged Weapons
 59763 | Zot:1    | Entered Level 1 of the Realm of Zot
 59937 | Zot:1    | Received a gift from Okawaru
 62722 | Zot:3    | Noticed a curse toe
 62772 | Zot:3    | Reached XP level 24. HP: 171/240 MP: 37/37
 62962 | Zot:3    | Received a gift from Okawaru
 63510 | Arena    | Entered the Arena
 64228 | Zot:4    | Received a gift from Okawaru
 64934 | Zot:4    | Reached skill level 15 in Dodging
 65140 | Zot:4    | Noticed Vv
 65925 | D:10     | Bought a potion of haste for 120 gold pieces
 65925 | D:10     | Bought a potion of haste for 120 gold pieces
 65925 | D:10     | Bought 2 potions of mutation for 192 gold pieces
 66320 | Zot:4    | Gained mutation: You occasionally lose the ability to read
                  | scrolls when taking damage. [mutagenic glow]
 66327 | Zot:3    | Lost mutation: You occasionally lose the ability to read
                  | scrolls when taking damage. [mutagenic glow]
 66955 | Zot:4    | Killed Vv
 67159 | Zot:5    | Entered Level 5 of the Realm of Zot
 67898 | Zot:5    | Received a gift from Okawaru
 68718 | Zot:5    | Noticed a Killer Klown
 68942 | Zot:5    | Noticed an ancient lich
 68942 | Zot:5    | Noticed an ancient lich
 69568 | Zot:5    | Killed an ancient lich
 69617 | Zot:5    | Noticed an orb of fire
 69639 | Zot:5    | Killed an orb of fire
 69683 | Zot:5    | Noticed an orb of fire
 69725 | Zot:5    | Killed an ancient lich
 69726 | Zot:5    | Reached XP level 25. HP: 198/255 MP: 37/37
 69861 | Zot:4    | Killed a Killer Klown
 70014 | Zot:5    | Noticed an orb of fire
 70017 | Zot:5    | Gained mutation: You are vulnerable to cold. (rC-) [an orb
                  | of fire]
 70023 | Zot:5    | Gained mutation: You are clumsy. (Dex -2) [an orb of fire]
 70038 | Zot:5    | Gained mutation: You occasionally lose the ability to drink
                  | potions when taking damage. [an orb of fire]
 70047 | Zot:5    | Noticed a dread lich
 70050 | Zot:5    | Killed an orb of fire
 70055 | Zot:5    | Killed a dread lich
 70060 | Zot:5    | Killed an orb of fire
 70063 | Zot:5    | Reached skill level 27 in Fighting
 70075 | Zot:5    | Noticed an ancient lich
 70081 | Zot:5    | Noticed a Killer Klown
 70084 | Zot:5    | Killed an ancient lich
 70100 | Zot:5    | Noticed a Killer Klown
 70111 | Zot:5    | Noticed an ancient lich
 70112 | Zot:5    | Killed a Killer Klown
 70117 | Zot:5    | Noticed a Killer Klown
 70124 | Zot:5    | Killed an ancient lich
 70342 | Zot:5    | Received a gift from Okawaru
 70599 | Zot:5    | Killed a Killer Klown
 71031 | Zot:5    | Killed a Killer Klown
 71072 | Zot:5    | Lost mutation: Your mind is acute. (Int +4, Str/Dex -1)
                  | [potion of mutation]
 71072 | Zot:5    | Lost mutation: You are vulnerable to cold. (rC-) [potion of
                  | mutation]
 71072 | Zot:5    | Lost mutation: You occasionally lose the ability to drink
                  | potions when taking damage. [potion of mutation]
 71072 | Zot:5    | Gained mutation: Your body sometimes deteriorates upon
                  | taking damage. [potion of mutation]
 71072 | Zot:5    | Gained mutation: You have large cloven feet. [potion of
                  | mutation]
 71072 | Zot:5    | Gained mutation: You possess an exceptional clarity of
                  | mind. [potion of mutation]
 71073 | Zot:5    | Lost mutation: You have large cloven feet. [potion of
                  | mutation]
 71073 | Zot:5    | Lost mutation: You are clumsy. (Dex -2) [potion of
                  | mutation]
 71073 | Zot:5    | Lost mutation: You possess an exceptional clarity of mind.
                  | [potion of mutation]
 71073 | Zot:5    | Gained mutation: You have sharp fingernails. [potion of
                  | mutation]
 71073 | Zot:5    | Gained mutation: Your mind is acute. (Int +4, Str/Dex -1)
                  | [potion of mutation]
 71073 | Zot:5    | Gained mutation: You have supernaturally acute eyesight.
                  | (SInv) [potion of mutation]
 71074 | Zot:5    | Lost mutation: Your mind is acute. (Int +4, Str/Dex -1)
                  | [potion of mutation]
 71074 | Zot:5    | Lost mutation: You have sharp fingernails. [potion of
                  | mutation]
 71074 | Zot:5    | Lost mutation: You have supernaturally acute eyesight.
                  | (SInv) [potion of mutation]
 71074 | Zot:5    | Gained mutation: You occasionally lose the ability to drink
                  | potions when taking damage. [potion of mutation]
 71074 | Zot:5    | Gained mutation: Your natural rate of healing is unusually
                  | fast. [potion of mutation]
 71075 | Zot:5    | Lost mutation: You occasionally lose the ability to drink
                  | potions when taking damage. [potion of mutation]
 71075 | Zot:5    | Lost mutation: Your natural rate of healing is unusually
                  | fast. [potion of mutation]
 71075 | Zot:5    | Lost mutation: Your body sometimes deteriorates upon taking
                  | damage. [potion of mutation]
 71075 | Zot:5    | Gained mutation: You possess an exceptional clarity of
                  | mind. [potion of mutation]
 71075 | Zot:5    | Gained mutation: You occasionally shout uncontrollably at
                  | your foes. [potion of mutation]
 71075 | Zot:5    | Gained mutation: Your muscles are strong. (Str +4, Int/Dex
                  | -1) [potion of mutation]
 71253 | Zot:5    | Got the Orb of Zot
 71475 | Depths:3 | Noticed a seraph
 71812 | D:$      | Escaped with the Orb!

Illustrated notes

Levels and vault maps discovered:
D:1:      saegor_arrival_fortress, layout_loops_ring, serial_shops,
          nicolae_shop_advertising_works [nicolae_subvault_shop_adworks], shop
D:2:      layout_loops_cross, ebering_ecumenical_altar_rust,
          kennysheep_generic_room_4
D:3:      layout_basic, mainiacjoe_overflow_small_starburst, serial_shops,
          nicolae_shop_crystal, uniq_jessica
D:4:      layout_rooms, trog_wizard, mainiacjoe_overflow_tiny_flanked,
          grunt_qazlal_clouds, nicolae_uskayaw_dance_hall,
          gammafunk_temple_overflow_wave, minmay_temple_entry_mini_moons,
          portal_sewer_entry_b, uniq_grinder
D:5:      nicolae_cairo_tiling_large, layout_basic, okawaru_gym_becter
D:6:      layout_basic, minitemple, uniq_duvessa, uniq_maggie
D:7:      layout_basic, corexii_corridor_pit, minmay_misc_feat_rugged
D:8:      due_chaos_kobolds, layout_loops_ring, minmay_splitting_lines,
          uniq_maurice
D:9:      layout_stronghold, nicolae_ru_great_annihilating_truth,
          minmay_orc_entry_temple_small
D:10:     kennysheep_ambush_hall, layout_gridville,
          fedhas_bush_and_centaur_altar, bloody_makhleb, david_lair_shrubbed,
          gammafunk_ghost_nasty_kobolds, serial_shops, shop, shop, shop,
          serial_bayou_crossing
D:11:     layout_rooms
D:12:     layout_stronghold, serial_rivers, chequers_serial_rivers_micro_b,
          chequers_serial_rivers_marsh, chequers_serial_rivers_micro_e,
          chequers_serial_rivers_small_3, chequers_serial_rivers_large_b,
          ebering_ghost_xom, st_stairs_8, david_defended_altar_orc
D:13:     layout_cave_pods, serial_park, serial_park_square1
          [serial_park_minivault_5x5_3], serial_park_tiny_1,
          gauntlet_entry_generic, item_on_display_b, uniq_erolcha
D:14:     layout_cave_pools, lightli_vaults_fourway_checkpoint,
          minmay_parallelograms, serial_shops, nicolae_take_the_stairs,
          minivault_27
D:15:     grunt_enter_depths_giant_problem, layout_rooms, serial_bayou_pond_e,
          eino_house_with_fridge
Temple:   hellmonk_temple_beads
Lair:1:   layout_cave_pods, gammafunk_ghost_hydra_chop
Lair:2:   layout_regular_city, hellmonk_spider_entry_life_and_decay,
          grunt_forest_stairs_clearing, uniq_gastronok
Lair:3:   layout_misc_corridors, swamp_mist_pool
Lair:4:   minmay_guarded_unrand_snakebite, layout_cave_pods, lemuel_fruit_tree,
          serial_bayou_shore_a, serial_bayou_shore_b, uniq_nessos
Lair:5:   grunt_lair_end_beastmaster, layout_gridlike,
          minmay_slime_entry_jelly_boxes
Swamp:1:  layout_basic_swamp, evilmike_swamp_ruin_house_1,
          nicolae_swamp_tree_isthmus
Swamp:2:  layout_falls_marsh, serial_swamp_ruin, evilmike_swamp_ruin_house_2,
          evilmike_swamp_ruin_house_4
Swamp:3:  layout_basic_swamp, nicolae_swamp_bean_lake
Swamp:4:  swamp_vile, layout_basic_swamp, swamp_pool_1_2
Spider:1: layout_spider_delve, uniq_asterion
Spider:2: layout_spider_delve, nicolae_spider_nooks_and_crannies, uniq_louise,
          uniq_arachne, uniq_agnes, uniq_nikola
Spider:3: layout_spider_delve, hangedman_spider_tarantella_strand
Spider:4: hellmonk_spider_rune_bug_friends, uniq_aizul, uniq_bai_suzhen,
          uniq_donald
Slime:1:  layout_caves, basic_altar
Slime:2:  layout_caves
Slime:3:  layout_caves, uniq_dissolution
Slime:4:  layout_caves
Slime:5:  slime_pit_nicolae_trefoil
Orc:1:    layout_diamond_mine, gammafunk_ghost_grave, nicolae_orc_stalacmites,
          nicolae_orc_damp_corner, elves_outpost_lemuel
Orc:2:    st_orc_mages, layout_caves, regret_index_minedec_guest_junction
Elf:1:    eino_elf_arrival_sip, layout_gridlike, serial_shops, shop,
          nicolae_elf_shapeshifter_party, grunt_ministairs_9
Elf:2:    elven_hall_of_blades_hangedman_original [mumra_blade_entry_bloodbath],
          layout_onion_city, serial_shops, nicolae_stop_n_shop_2, serial_glass,
          glass_columns_b, glass_columns_a, item_on_display_a,
          item_on_display_a, due_unseen_surprise
Elf:3:    elf_hall, layout_onion_city, gammafunk_ghost_cemetery, st_stairs_9
Vaults:1: nicolae_vaults_wrenched, v_rooms_2, nicolae_vaults_c_with_doors,
          nicolae_vaults_little_squares_1, v_pattern_4,
          nicolae_vaults_closet_pinwheel_3, v_alt_pattern_2,
          nicolae_vaults_ring_of_whatevers, v_misc_22, v_misc_5,
          nicolae_vaults_tetromino_T_2, nicolae_vaults_double_plus_1,
          layout_vaults_omnibox, serial_shops, nicolae_square_shop
Vaults:2: gammafunk_ghost_ooze, grunt_vaults_focal,
          minmay_crypt_entry_simple_statues, nicolae_vaults_cornered_office,
          nicolae_vaults_storage_closets_2, v_misc_2, ontoclasm_vaults_twist,
          nicolae_vaults_diagonal_hallway_6, ontoclasm_vaults_idyll, v_misc_15,
          v_pattern_2, ontoclasm_vaults_eye, v_misc_9,
          nicolae_vaults_little_squares_4, layout_vaults_big_cross,
          serial_shops, shop
Vaults:3: lightli_orcish_oven, vaults_room_grunt_arrival_ludios,
          nicolae_vaults_network_periphery, vaults_room_door_hall,
          vaults_room_fours, nicolae_vaults_surprise_closet,
          layout_vaults_chaotic_city, serial_shops, shop, shop, shop, shop,
          nicolae_shop_overgrown_old_shop
Vaults:4: v_misc_10, gammafunk_its_a_trap, hangedman_vaults_trim,
          hangedman_vaults_stretched_pinwheel,
          nicolae_vaults_doubleplus_tesselated, nicolae_vaults_double_plus_3,
          nicolae_vaults_tetromino_Z_1, dpeg_vaults_monster_box,
          nicolae_vaults_frosty_reception, v_misc_27, v_misc_14,
          nicolae_vaults_variable_pillar_hall,
          nicolae_vaults_offset_grid_hallway_3, vaults_room_stairs_pillars,
          layout_vaults_maze, serial_shops, nicolae_shop_tiny_waterfront, shop,
          shop, nicolae_shop_behind_doors
Depths:1: layout_roguey, nemelex_diamond_rough_becter, serial_shops, shop,
          muffindrake_ghost_three_little_ghosts, grunt_hell_entry_dis_old,
          minmay_fractal_squares_diagonal_5, minmay_shop_grove,
          serial_bayou_shore_b
Depths:2: hangedman_arch_fort, layout_basic, enter_ziggurat_d, hell_entry,
          grunt_pan_entry_zigzag, chequers_serial_rivers_micro_b,
          uniq_josephina, uniq_norris
Depths:3: nicolae_moon_pools, layout_gridlike, serial_glass, glass_columns_a,
          glass_columns_a, glass_columns_a, glass_columns_c, glass_columns_b,
          glass_columns_a, hell_entry, kennysheep_pointless_box, abyss_entry,
          kennysheep_island_fort, uniq_jory, uniq_mennas
Depths:4: grunt_zot_entry_bicorn, layout_cave_pools,
          nicolae_figureground_sparkle, rand_demon_pan_entry_8, hell_entry,
          trog_three_pillars_becter
Zot:1:    layout_gridlike
Zot:2:    layout_cathedral_of_symmetry, regret_index_zotdec_split_disrupt
Zot:3:    cheibrodos_frozen_isle, layout_basic, gammafunk_ghost_tricky_traps,
          grunt_megastairs_3
Zot:4:    grunt_twist_and_shout, layout_concentric_octagons,
          hangedman_spider_trapstep, uniq_vv
Zot:5:    layout_gridlike

Skill      XL: |  1  2  3  4  5  6  7  8  9 10 11 12 13 14 15 16 17 18 19 20 21 22 23 24 25 |
---------------+----------------------------------------------------------------------------+-----
Stealth        | 2 5 |  5.0
Fighting       | 3 4 6 7 10 12 14 15 16 17 18 20 24 26 27 | 27.0
Ranged Weapons | 5 6 7 9 10 12 14 16 18 20 21 22 24 25 27 | 27.0
Dodging        | 4 6 8 11 12 13 15 | 15.0
Invocations    | 2 3 8 10 11 13 | 13.0
Translocations | 4 5 8 9 11 13 14 15 16 19 | 19.1
Spellcasting   | 2 3 4 6 7 8 10 | 10.0
Hexes          | 4 6 7 |  7.0
Evocations     | 5 |  5.0

Action                     |  1- 3 |  4- 6 |  7- 9 | 10-12 | 13-15 | 16-18 | 19-21 | 22-24 | 25-27 || total
---------------------------+-------+-------+-------+-------+-------+-------+-------+-------+-------++-------
  Melee: Longbow           |       |       |       |       |       |     3 |       |     1 |       ||     4
         Unarmed           |       |       |       |       |       |     2 |       |       |       ||     2
         Tailslap          |       |       |       |       |       |     1 |       |       |       ||     1
   Fire: Shortbow          |   108 |   196 |   260 |       |       |       |       |       |       ||   564
         Orcbow            |       |       |   181 |   624 |       |       |       |       |       ||   805
         Longbow           |       |       |       |   147 |  1728 |  2491 |  2192 |  2518 |   280 ||  9356
         Arbalest          |       |       |       |   134 |       |       |       |       |       ||   134
  Throw: Dart              |       |       |     5 |     6 |       |       |       |       |       ||    11
         Throwing net      |       |       |       |     1 |       |       |       |       |       ||     1
   Cast: Blink             |       |       |       |       |     1 |     4 |     2 |     1 |       ||     8
         Dimensional Bulls |       |       |       |       |       |       |     5 |    32 |    12 ||    49
         Dispersal         |       |       |       |       |       |       |       |     3 |     4 ||     7
 Invoke: Heroism           |       |       |       |     2 |     5 |    13 |     9 |    12 |     1 ||    42
         Receive Weapon    |       |       |       |     1 |       |       |       |       |       ||     1
         Receive Armour    |       |       |       |     1 |       |       |       |       |       ||     1
         Finesse           |       |       |       |       |       |    14 |    12 |    17 |     2 ||    45
         Duel              |       |       |       |       |       |     1 |       |     2 |       ||     3
Ability: Galvanic Breath   |       |       |     2 |       |     3 |     2 |     5 |     4 |       ||    16
  Evoke: Wand              |       |       |     6 |    18 |       |       |     1 |     3 |     3 ||    31
         Condenser vane    |       |       |       |       |       |       |     1 |       |       ||     1
         Phial of floods   |       |       |       |       |       |       |     1 |       |       ||     1
    Use: Scroll            |       |     7 |     4 |    10 |    14 |     5 |    15 |    13 |     1 ||    69
         Potion            |       |       |     1 |     3 |     4 |     9 |     2 |    19 |    10 ||    48
 Armour: Skin              |    22 |    69 |   181 |   271 |   247 |   434 |   192 |   358 |    69 ||  1843
  Dodge: Dodged            |    28 |    65 |   158 |   532 |   388 |   797 |   363 |   536 |   101 ||  2968
  Block: Other             |       |     8 |    60 |   122 |    74 |   147 |       |       |       ||   411
         Reflection        |       |       |     6 |     2 |     2 |    10 |       |       |       ||    20

Table legend: (Time is in decaauts)
 A = Elapsed time spent in this place.
 B = Non-inter-level travel time spent in this place.
 C = Inter-level travel time spent in this place.
 D = Time resting spent in this place.
 E = Time spent auto-exploring this place.
 F = Levels seen in this place.
 G = Mean time per level.
                   A        B        C        D        E       F      G
               +--------+--------+--------+--------+--------+-----+--------+
         Total |  66758 |  61303 |   5455 |  20324 |  23262 |  57 | 1171.2 |
       Dungeon |  17422 |  15032 |   2390 |   2907 |   9384 |  15 | 1161.5 |
        Temple |      1 |      1 |      0 |      0 |      0 |   1 |    1.0 |
          Lair |   8549 |   7736 |    813 |   2152 |   3273 |   5 | 1709.8 |
         Swamp |   3294 |   3197 |     97 |    848 |   1304 |   4 |  823.5 |
   Spider Nest |   5345 |   5179 |    166 |   2163 |   1387 |   4 | 1336.2 |
    Slime Pits |   2712 |   2588 |    124 |    910 |    833 |   5 |  542.4 |
  Orcish Mines |   1593 |   1417 |    176 |    283 |    501 |   2 |  796.5 |
   Elven Halls |   3742 |   3548 |    194 |   1007 |   1221 |   3 | 1247.3 |
        Vaults |   6491 |   6248 |    243 |   1437 |   3039 |   4 | 1622.8 |
        Depths |   6335 |   5620 |    715 |   2096 |   2059 |   4 | 1583.8 |
           Zot |  10150 |   9617 |    533 |   6061 |      9 |   5 | 2030.0 |
         Sewer |    551 |    551 |      0 |    181 |    235 |   1 |  551.0 |
      Gauntlet |    491 |    491 |      0 |    213 |     15 |   1 |  491.0 |
         Arena |     74 |     74 |      0 |     61 |      0 |   3 |   24.7 |
               +--------+--------+--------+--------+--------+-----+--------+

Top non-repeatable levels by time:
Vaults:1: 2658 daAuts
   Zot:5: 2542 daAuts
   Zot:3: 2458 daAuts
   Zot:4: 2284 daAuts
Spider:3: 2211 daAuts
  Lair:2: 2196 daAuts
    D:10: 1964 daAuts
   Zot:1: 1949 daAuts
     D:9: 1943 daAuts
Depths:1: 1831 daAuts
  Lair:4: 1814 daAuts
   Elf:3: 1757 daAuts
  Lair:1: 1738 daAuts
  Lair:5: 1686 daAuts
    D:15: 1671 daAuts
